 Dungeon Crawl Stone Soup version 0.26-a0-67-g850bfe61e3 (webtiles) character file.

Game seed: 14827059179263799870

18 LiquidNight the Vandal (level 2, -2/18 HPs)
             Began as a Halfling Arcane Marksman on June 12, 2020.
             Slain by a goblin
             ... wielding a cursed +0 club
              (4 damage)
             ... on level 2 of the Dungeon.
             The game lasted 00:07:15 (954 turns).

LiquidNight the Vandal (Halfling Arcane Marksman)    Turns: 954, Time: 00:07:16

Health: -2/18      AC:  3    Str:  8 (11) XL:     2   Next: 90%
Magic:  3/3        EV: 14    Int: 10 (11) God:
Gold:   46         SH:  0    Dex: 11 (14) Spells: 2/3 levels left

rFire    . . .     SeeInvis .   a - +1 hunting sling
rCold    . . .     Gourm    .   (shield restricted)
rNeg     . . .     Faith    .   e - +1 robe
rPois    .         Spirit   .   (no helmet)
rElec    .         Reflect  .   (no cloak)
rCorr    .         Harm     .   (no gloves)
MR       .....                  (no boots)
Stlth    +.........             (no amulet)
HPRegen  0.06/turn              (no ring)
MPRegen  0.08/turn              (no ring)

@: no status effects
A: small, mutation resistance 1
a: no special abilities


You were on level 2 of the Dungeon.
You were hungry.

You visited 1 branch of the dungeon, and saw 2 of its levels.

You collected 46 gold pieces.

Inventory:

Hand Weapons
 a - a +1 hunting sling (weapon)
 t - a +0 dagger
Missiles
 b - a stone (quivered)
 d - 38 sling bullets
 l - 39 bolts
 m - 16 arrows
 o - 6 boomerangs
Armour
 e - a +1 robe (worn)
Scrolls
 k - 2 scrolls of amnesia {unknown}
 n - a scroll of teleportation {unknown}
 q - a scroll of identify {unknown}
 s - a scroll of blinking {unknown}
Comestibles
 f - 4 rations
 r - 5 chunks of flesh


   Skills:
 + Level 1.0 Fighting
 * Level 3.5 Slings
 + Level 2.4 Dodging
 + Level 1.1 Spellcasting
 + Level 2.7 Hexes


You had 2 spell levels left.
You knew the following spells:

 Your Spells              Type           Power        Failure   Level  Hunger
a - Corona                Hex            #......      11%         1    ##.....

Your spell library contained the following spells:

 Spells                   Type           Power        Failure   Level  Hunger
 Slow                     Hex            #.......     17%         2    ###....
 Inner Flame              Hex/Fire       #.......     52%         3    ####...
 Portal Projectile        Hex/Tloc       #.....       52%         3    ####...
 Cause Fear               Hex            #.........   73%         4    #####..
 Leda's Liquefaction      Hex/Erth       #.........   89%         4    #####..


Dungeon Overview and Level Annotations

Branches:
Dungeon (2/15)

Altars:
Nemelex Xobeh


Innate Abilities, Weirdness & Mutations

You are small and have problems with some larger weapons.
You are somewhat resistant to further mutation.


Message History

The bat hits you but does no damage. The adder bites you.
* * * LOW HITPOINT WARNING * * *
You are lethally poisoned!
The adder poisons you! The goblin barely misses you.
The gnoll barely misses you.
You are feeling hungry.
* * * LOW HITPOINT WARNING * * *
You feel sick. The bat barely misses you. The adder closely misses you.
The goblin misses you. The bat hits you but does no damage.
It was a potion of curing.
You feel better. The bat hits you. The adder closely misses you.
The goblin barely misses you.
It was a potion of magic.
Magic courses through your body. The adder barely misses you.
The gnoll misses you. The adder bites you.
* * * LOW HITPOINT WARNING * * *
It was a potion of degeneration.
There was something very wrong with that liquid.
You feel weakened.
You feel dopey.
You feel clumsy.
The goblin hits you with a cursed +0 club.
You die...

#..... . .
###.#..# .#
#..# ......##.#
.$.. ....?...#
.... #......#
#.## #."....#
#.##
##.#####gb....#
#.##
.......@Sggg%.#
###.##
##.########g###
##..... #.#
#....## #g#
#..### #g# #..#
#g# #..# #(#
#..#### #(#
####...... #.#
#.....####


You could see 3 gnolls, an adder, 2 goblins and a bat.

Vanquished Creatures
  2 dart slugs (D:1)
  A giant cockroach (D:1)
  A hobgoblin (D:1)
  4 kobolds
  A ball python (D:2)
  4 bats
  2 rats
15 creatures vanquished.

Notes
Turn   | Place    | Note
-------+----------+-------------------------------------------
     0 | D:1      | LiquidNight the Halfling Arcane Marksman began the quest
                  | for the Orb.
     0 | D:1      | Reached XP level 1. HP: 12/12 MP: 2/2
   182 | D:1      | Reached XP level 2. HP: 18/18 MP: 1/3
   264 | D:1      | Found a sparkling altar of Nemelex Xobeh.
   439 | D:1      | Reached skill level 1 in Fighting
   954 | D:2      | Slain by a goblin

Illustrated notes

Levels and vault maps discovered:
D:1:      minmay_arrival_jagged, layout_loops_ring, eino_curves_02,
          nemelex_xobeh_ov_fountains_minmay
D:2:      layout_loops_ring, first_ration, minmay_lizard_pond

Skill      XL: |  1  2 |
---------------+-------+-----
Fighting       | 1 |  1.0
Slings         | |  3.5
Dodging        | |  2.4
Spellcasting   | |  1.1
Hexes          | |  2.7

Action                   || total
-------------------------++-------
 Fire: Hunting sling     ||    56
 Cast: Corona            ||    13
  Use: Scroll            ||     3
       Potion            ||     3
Armor: Robe              ||     9
Dodge: Dodged            ||    46

Table legend:
 A = Non-vault XP
 B = Vault XP
 C = Vault XP percentage of total XP
 D = Non-vault monster count
 E = Vault monster count
 F = Vault count percentage of total count
                 A         B        C        D         E       F
            +---------+---------+-------+---------+---------+-------
      Total |      27 |       0 |   0.0 |      15 |       0 |   0.0
            +---------+---------+-------+---------+---------+-------
        D:1 |      22 |       0 |   0.0 |      10 |       0 |   0.0
        D:2 |       5 |       0 |   0.0 |       5 |       0 |   0.0
            +---------+---------+-------+---------+---------+-------
